 Dungeon Crawl Stone Soup version 0.31-a0-1074-g0b22e4e0f1 (webtiles) character file.

Game seed: 15829914864188126615

161 grandjackal the Trooper (level 5, 0/42 HPs)
             Began as a Mummy Fighter on Nov 29, 2023.
             Slain by an adder (1 damage)
             ... on level 3 of the Dungeon.
             The game lasted 00:03:16 (2296 turns).

grandjackal the Trooper (Mummy Fighter)             Turns: 2296, Time: 00:03:17

Health: 0/42       AC:  6    Str: 22    XL:     5   Next: 19%
Magic:  5/5        EV:  9    Int:  7    God:
Gold:   140        SH:  4    Dex: 11    Spells: 4/4 levels left

rFire   x . .        a - +0 war axe
rCold   + . .        c - +0 buckler
rNeg    + + +        b - +0 scale mail
rPois   ∞            (no helmet)
rElec   .            (no cloak)
rCorr   .            (no gloves)
SInv    .            (no boots)
Will    .....        (no amulet) Stlth
                     (no ring)
HPRegen 0.27/turn    (no ring)
MPRegen 0.09/turn

%: faith
@: no status effects
A: cold resistance 1, negative energy resistance 3, torment resistance 2, heat
vulnerability 1, in touch with death 1, no potions, faith
a: no special abilities


You were on level 3 of the Dungeon.
You visited 1 branch of the dungeon, and saw 3 of its levels.

You collected 168 gold pieces.
You spent 28 gold pieces at shops.

Inventory:

Hand Weapons
 a - a +0 war axe (weapon)
 e - the +7 Throatcutter {drain, coup de grace}
   (You took it off Terence on level 2 of the Dungeon)
 j - a +0 trident
Armour
 b - a +0 scale mail (worn)
 c - a +0 buckler (worn)
Scrolls
 d - 4 scrolls of teleportation
 f - 2 scrolls of identify
 g - 2 scrolls of fog {unknown}
 h - 2 scrolls of revelation {unknown}
 i - a scroll of enchant weapon {unknown}


   Skills:
 + Level 3.9 Fighting
 + Level 2.6 Axes
 + Level 3.2 Armour
 + Level 3.2 Shields


You had 4 spell levels left.
You didn't know any spells.
Your spell library contained the following spells:

 Spells                   Type           Power      Damage    Failure   Level
 Cigotuvi's Dreadful Rot  Necr/Pois/Air  0%         N/A       92%         2
 Ensorcelled Hibernation  Hex/Ice        0%         N/A       92%         2
 Passwall                 Tmut/Erth      0%         N/A       92%         2
 Swiftness                Air            0%         N/A       99%         3
 Animate Dead             Necr           0%         N/A       100%        4
 Dispel Undead            Necr           0%         3d6       100%        4
 Borgnjor's Vile Clutch   Necr/Erth      0%         N/A       100%        5
 Death Channel            Necr           0%         N/A       100%        6


Dungeon Overview and Level Annotations

Branches:
Dungeon (3/15)

Altars:
Xom

Shops:
D:1 *


Innate Abilities, Weirdness & Mutations

You are immune to poison.
Your flesh is cold resistant. (rC+)
You are immune to negative energy. (rN+++)
You are immune to unholy pain and torment.
You are vulnerable to heat. (rF-)
You are in touch with the powers of death.
You do not drink.
You have a special connection with the divine. (Faith)


Message History

The adder barely misses you. The adder bites you.
* * * LOW HITPOINT WARNING * * *
You miss the adder.
The adder is moderately wounded.
The adder closely misses you. The adder barely misses you.
You miss the adder.
The adder is moderately wounded.
The adder bites you but does no damage.
You barely miss the adder.
The adder is moderately wounded.
The adder completely misses you. The adder bites you but does no damage.
You hit the adder.
The adder is heavily wounded.
The adder bites you but does no damage. You block the adder's attack.
You barely miss the adder.
The adder is heavily wounded.
The adder barely misses you. The adder bites you but does no damage.
You miss the adder.
The adder is heavily wounded.
The adder bites you but does no damage. The adder bites you.
* * * LOW HITPOINT WARNING * * *
You completely miss the adder.
The adder is heavily wounded.
The adder bites you but does no damage. x2
You closely miss the adder.
The adder is heavily wounded.
The adder bites you but does no damage. You block the adder's attack.
You barely miss the adder.
The adder is heavily wounded.
The adder misses you.
You barely miss the adder.
The adder is heavily wounded.
The adder barely misses you. The adder bites you.
* * * LOW HITPOINT WARNING * * *
You closely miss the adder.
The adder is heavily wounded.
The adder bites you.
* * * LOW HITPOINT WARNING * * *
The adder bites you.
You die...

# ##### +. #...# #..
+.8.# #.. #...#
#gg#...### #S@8.'.#
#.#...#.############
#.
#...#.............
..
+.8.#########...##
## #...# ##..#. ####
##### #..## ..#
#...# #.#### #....
###....# #...†


You could see an adder, a hobgoblin and a goblin.

Vanquished Creatures
  A sleepcap (D:3)
  Terence (D:2)
  4 adders
  A worm (D:3)
  3 dart slugs
  2 orcs (D:3)
  4 ball pythons
  9 endoplasms
  9 goblins
  4 hobgoblins
  4 jackals
  3 quokkas
  5 bats
  4 frilled lizards
  3 kobolds
  7 rats
  A butterfly (D:3)
65 creatures vanquished.

Notes
Turn   | Place    | Note
-------+----------+-------------------------------------------
     0 | D:1      | grandjackal the Mummy Fighter began the quest for the Orb.
     0 | D:1      | Reached XP level 1. HP: 18/18 MP: 1/1
   108 | D:1      | Reached XP level 2. HP: 16/24 MP: 2/2
   278 | D:1      | Found a faded altar of an unknown god.
   503 | D:1      | Reached XP level 3. HP: 29/29 MP: 3/3
   667 | D:1      | Found Cybeaky's General Store.
   673 | D:1      | Bought a scroll of identify for 28 gold pieces
   863 | D:2      | Noticed Terence
   900 | D:2      | Killed Terence
   901 | D:2      | Reached XP level 4. HP: 6/35 MP: 4/4
  2142 | D:3      | Found a shimmering altar of Xom.
  2279 | D:3      | Reached XP level 5. HP: 6/42 MP: 5/5
  2285 | D:3      | HP: 2/42 [adder (3)]
  2291 | D:3      | HP: 2/42 [adder (2)]
  2296 | D:3      | HP: 1/42 [adder (1)]
  2296 | D:3      | Slain by an adder

Illustrated notes

Levels and vault maps discovered:
D:1:      lightli_arrival_quake, layout_basic,
          hellmonk_ecumenical_altar_crossroads, serial_shops,
          nicolae_shop_statue_plus, chequers_serial_rivers_micro_e
D:2:      wander_river, layout_basic, uniq_terence
D:3:      minmay_chambers_of_threes, layout_basic, xom_butterflies,
          minmay_cupped

Skill      XL: |  1  2  3  4 |
---------------+-------------+-----
Axes           | 2 |  2.6
Armour         | 3 |  3.2
Shields        | 3 |  3.2
Fighting       | |  3.9

Action                     |  1- 3 |  4- 6 || total
---------------------------+-------+-------++-------
  Melee: War axe           |    83 |   121 ||   204
    Use: Scroll            |     1 |       ||     1
 Armour: Scale mail        |    62 |    89 ||   151
  Dodge: Dodged            |    51 |    58 ||   109
  Block: Buckler           |    22 |    36 ||    58

Table legend: (Time is in decaauts)
 A = Elapsed time spent in this place.
 B = Non-inter-level travel time spent in this place.
 C = Inter-level travel time spent in this place.
 D = Time resting spent in this place.
 E = Time spent auto-exploring this place.
 F = Levels seen in this place.
 G = Mean time per level.
                   A        B        C        D        E       F      G
               +--------+--------+--------+--------+--------+-----+--------+
         Total |   2407 |   2353 |     54 |    166 |   1715 |   3 |  802.3 |
       Dungeon |   2407 |   2353 |     54 |    166 |   1715 |   3 |  802.3 |
               +--------+--------+--------+--------+--------+-----+--------+

Top non-repeatable levels by time:
     D:1: 919 daAuts
     D:2: 897 daAuts
     D:3: 590 daAuts
